 Dungeon Crawl Stone Soup version 0.30-a0-242-g7bf8e6d787 (webtiles) character file.

Game seed: 1605893223526916008

50531 Lobster4 the Fighter (level 14, -6/130 HPs)
             Began as a Yellow Draconian Conjurer on Oct 11, 2022.
             Was the Champion of Makhleb.
             Mangled by a death yak (18 damage)
             ... on level 4 of the Lair of Beasts.
             The game lasted 01:42:55 (23476 turns).

Lobster4 the Fighter (Yellow Draconian Conjurer)   Turns: 23476, Time: 01:42:55

Health: -6/130     AC: 12    Str: 17    XL:     14   Next: 20%
Magic:  29/29      EV: 14    Int: 20    God:    Makhleb [******]
Gold:   1601       SH:  6    Dex: 13    Spells: 24/36 levels left

rFire   x . .      SeeInvis +    T - +10 hand axe "Mianuh" {vamp, rF- rC+ rN+}
rCold   + + +      Faith    .    F - +1 buckler of Gallantry {Int+4 Dex-3 Slay+3 SInv}
rNeg    + . .      Spirit   .    (body armour unavailable)
rPois   .          Reflect  .    (helmet restricted)
rElec   +          Harm     .    f - +0 cloak
rCorr   +          Rampage  .    c - +1 pair of gloves
Will    ++...                    I - +0 pair of boots
Stlth   ++........               i - amulet "Gaowkasa" {RegenMP rElec rC++ Str+3 Int-3}
HPRegen 0.41/turn                z - +6 ring of dexterity
MPRegen 0.61/turn                y - ring of willpower

@: about to teleport
A: spit acid, AC +8, unfitting armour, acidic bite, cold-blooded, acid
resistance
a: Breathe Acid, Renounce Religion, Minor Destruction, Lesser Servant of
Makhleb, Major Destruction, Greater Servant of Makhleb


You were on level 4 of the Lair of Beasts.
You worshipped Makhleb.
Makhleb was exalted by your worship.
You visited 3 branches of the dungeon, and saw 20 of its levels.
You also visited: Bailey.

You collected 1601 gold pieces.

Inventory:

Hand Weapons
 a - a +5 dagger of venom
 b - a +0 sling
 r - the +3 hand axe of the Enchanted Forest {drain, rPois Int+5}
   (You found it on level 1 of the Lair of Beasts)

   A truly terrible weapon, it drains the life of any living foe it strikes.
   Int:       It affects your intelligence (+5).
   rPois:     It protects you from poison.
 T - the +10 hand axe "Mianuh" (weapon) {vamp, rF- rC+ rN+}
   (You found it on level 9 of the Dungeon)

   It occasionally heals its wielder for a portion of the damage dealt when it
   wounds a living foe.
   rF:        It makes you vulnerable to fire.
   rC:        It protects you from cold.
   rN:        It protects you from negative energy.
 U - the +8 mace of the Magi {protect, rCorr Str-4 Dex+6}
   (You took it off an orc priest on level 11 of the Dungeon)

   It grants its wielder temporary protection when it strikes (+7 to AC).
   Str:       It affects your strength (-4).
   Dex:       It affects your dexterity (+6).
   rCorr:     It protects you from acid and corrosion.
Missiles
 k - 5 poisoned darts
 L - 2 curare-tipped darts
Armour
 c - a +1 pair of gloves (worn)
 f - a +0 cloak (worn)
 F - the +1 buckler of Gallantry (worn) {Int+4 Dex-3 Slay+3 SInv}
   (You found it on level 6 of the Dungeon)

   Int:       It affects your intelligence (+4).
   Dex:       It affects your dexterity (-3).
   Slay:      It affects your accuracy & damage with ranged weapons and melee
   (+3).
   SInv:      It lets you see invisible.
 I - a +0 pair of boots (worn)
Magical Staves
 H - a staff of conjuration
 Q - a staff of poison
Jewellery
 e - an amulet of the acrobat
 g - the amulet "Wax Xan" {Reflect Slay+5 SH+5 Stlth-}
   (You found it on level 3 of the Lair of Beasts)

   [amulet of reflection]

   It reflects blocked missile attacks.
   Slay:      It affects your accuracy & damage with ranged weapons and melee
   (+5).
   SH:        It affects your SH (+5).
   Stlth:     It makes you less stealthy.
 i - the amulet "Gaowkasa" (around neck) {RegenMP rElec rC++ Str+3 Int-3}
   (You took it off a gnoll on level 6 of the Dungeon)

   [amulet of magic regeneration]

   It increases your rate of magic regeneration.
   Str:       It affects your strength (+3).
   Int:       It affects your intelligence (-3).
   rC:        It greatly protects you from cold.
   rElec:     It insulates you from electricity.
 m - a ring of flight
 y - a ring of willpower (right hand)
 z - a +6 ring of dexterity (left hand)
 E - a ring of fire
 W - a ring of positive energy
Wands
 x - a wand of paralysis (8)
 B - a wand of iceblast (4)
 P - a wand of flame (2)
 V - a wand of mindburst (2)
Scrolls
 d - 6 scrolls of teleportation
 l - 3 scrolls of immolation
 o - a scroll of amnesia
 q - a scroll of summoning
 w - a scroll of magic mapping
 D - 3 scrolls of enchant weapon
 K - 2 scrolls of fog
 N - 14 scrolls of identify
 R - 2 scrolls of poison
Potions
 h - 3 potions of brilliance
 j - 2 potions of resistance
 n - 9 potions of curing
 p - 2 potions of invisibility
 s - a potion of berserk rage
 t - 2 potions of heal wounds
 u - a potion of might
 A - 7 potions of flight
 C - 2 potions of lignification
 M - a potion of cancellation
 S - a potion of magic
Miscellaneous
 G - a phantom mirror
 O - a lightning rod (4/4)


   Skills:
 + Level 13.7 Fighting
 - Level 1.0 Short Blades
 - Level 2.7(3.0) Axes
 - Level 1.6(2.5) Maces & Flails
 - Level 1.0(1.4) Staves
 - Level 2.0 Throwing
 - Level 6.0 Dodging
 - Level 2.0 Stealth
 - Level 6.0 Shields
 + Level 11.8 Spellcasting
 + Level 13.2 Conjurations
 - Level 2.0 Necromancy
 + Level 5.4 Air Magic
 - Level 3.0 Poison Magic
 - Level 5.0 Invocations
 - Level 3.0 Evocations


You had 24 spell levels left.
You knew the following spells:

 Your Spells              Type           Power      Damage    Failure   Level
a - Magic Dart            Conj           100%       1d8       1%          1
b - Searing Ray           Conj           100%       2d8       1%          2
c - Mephitic Cloud        Conj/Pois/Air  40%        N/A       1%          3
d - Kiss of Death         Conj/Necr      100%       2d13      1%          1
e - Arcjolt               Conj/Air       24%        1d34      4%          5

Your spell library contained the following spells:

 Spells                   Type           Power      Damage    Failure   Level
 Shock                    Conj/Air       100%       1d9       1%          1
 Dazzling Flash           Conj/Hex       76%        N/A       1%          3
 Swiftness                Air            33%        N/A       2%          3
 Fulminant Prism          Conj/Hex       19%        3d11      4%          4
 Iskenderun's Mystic Bla  Conj/Tloc      38%        2d9       4%          4
 Lightning Bolt           Conj/Air       24%        1d40      4%          5
 Vhi's Electric Charge    Tloc/Air       44%        N/A       7%          3
 Summon Small Mammal      Summ           44%        N/A       8%          1
 Airstrike                Air            16%        2d(3-19)  8%          4
 Kindle Blastsparks       Fire/Tloc/Air  38%        2d13      11%         3
 Irradiate                Conj/Tmut      19%        3d18      13%         5
 Ignite Poison            Fire/Tmut/Pois 15%        N/A       14%         3
 Freezing Cloud           Conj/Ice/Air   18%        6-21      16%         5
 Call Canine Familiar     Summ           11%        N/A       22%         3
 Confusing Touch          Hex            11%        N/A       22%         3
 Ozocubu's Armour         Ice            11%        N/A       22%         3
 Summon Guardian Golem    Hex/Summ       11%        N/A       22%         3
 Summon Lightning Spire   Summ/Air       22%        N/A       24%         4
 Animate Dead             Necr           19%        N/A       32%         4
 Dispel Undead            Necr           19%        3d11      32%         4
 Silence                  Hex/Air        11%        N/A       54%         5
 Passage of Golubria      Tloc           11%        N/A       58%         4
 Summon Ice Beast         Ice/Summ       11%        N/A       58%         4
 Iron Shot                Conj/Erth      19%        9d4       58%         6
 Blade Hands              Tmut           5%         N/A       90%         5
 Metabolic Englaciation   Hex/Ice        5%         N/A       90%         5
 Simulacrum               Ice/Necr       7%         N/A       100%        6
 Summon Cactus Giant      Summ           5%         N/A       100%        6
 Dragon Form              Tmut           5%         N/A       100%        7
 Haunt                    Necr/Summ      7%         N/A       100%        7
 Infestation              Necr           9%         N/A       100%        8
 Lehudib's Crystal Spear  Conj/Erth      19%        10d6      100%        8
 Maxwell's Capacitive Co  Air            16%        ∞         100%        8
 Animate Armour           Summ/Erth      Unusable   N/A       N/A         4

Dungeon Overview and Level Annotations

Branches:
Dungeon (13/15)            Temple (0/1) D:4            Lair (5/5) D:9
  Swamp (0/4) Lair:3       Spider (0/4) Lair:3          Orc (2/2) D:9
    Elf (0/3) Orc:2        Bailey (visited)
  Slime: Lair:4-5    Vaults: D:13-14

Altars:
Ashenzari
Cheibriados
Elyvilon
Fedhas
Kikubaaqudgha
Makhleb
Nemelex Xobeh
Okawaru
Ru
Vehumet
Xom
Yredelemnul
Zin

Shops:
D:7 (   D:11 (   Orc:1 *?   Orc:2 ([:

Annotations:
D:2 1 runed translucent door, Crazy Yiuf


Innate Abilities, Weirdness & Mutations

You can spit globs of acid.
Your golden yellow scales are hard. (AC +8)
You cannot fit into any form of body armour.
You have acidic saliva.
You are cold-blooded and may be slowed by cold attacks.
You are resistant to acid. (rCorr)


Message History

You slash the death yak!
You feel better.
The death yak is moderately wounded.
You hit the death yak. You barely miss the rime drake.
The rime drake barely misses you. The death yak closely misses you.
The death yak gores you!
You hit the death yak.
You tail-slap the death yak, but do no damage.
The death yak is moderately wounded.
You slash the rime drake!
You feel better.
You hit the death yak. The ice encasing you melts away.
The rime drake misses you.
The death yak gores you but does no damage.
The death yak closely misses you. The rime drake bites you.
The death yak barely misses you. The death yak gores you!!
You hit the death yak.
You feel better.
The death yak is moderately wounded.
You hit the death yak.
You feel better.
You hit the rime drake.
You kill the rime drake!
Makhleb accepts your kill.
You feel better. The death yak barely misses you.
The death yak closely misses you.
You slash the death yak!
You feel better.
The death yak is heavily wounded.
You hit the death yak but do no damage. You block the death yak's attack.
The death yak gores you!
You slash the death yak!
You feel better.
Your bite misses the death yak.
The death yak is severely wounded.
You hit the death yak. You block the death yak's attack.
The death yak gores you!
You hit the death yak.
You feel better.
You bite the death yak, but do no damage.
The death yak is severely wounded.
You slash the death yak! The death yak gores you! The death yak gores you!!
* * * LOW HITPOINT WARNING * * *
The death yak gores you!!
* * * LOW HITPOINT WARNING * * *
The death yak closely misses you.
As you read the scroll of teleportation, it crumbles to dust.
You feel strangely unstable. The death yak gores you!!
You die...

..........<......................
.................................
.................[............^..
......P..........................
P##.#..............##.....###.###
##...#.P.....P##.####.....###.#
##............##..###......##'###
.#............##.Y##P....÷#.....#
##....#......###@Y.##....##.....#
##.....#...[.P##.........###....#
.P.....#.....##...###....###.#.#.
......##.....####.#.#.....###..##
.....###.....PP##...#....###.#.##
#...####.........................
.................................
..#.##...#..##.###.P#.##.#####.##
.############### ####.#### ###


You could see 2 death yaks.

Vanquished Creatures
  2 hydras (Lair:4)
  4 ogre magi
  7 two-headed ogres
  5 death yaks (Lair:3)
  Pikel (D:9)
  A bog body (Lair:3)
  A deep elf pyromancer (D:12)
  3 orc knights
  An oklob plant (Lair:3)
  8 orc sorcerers (Orc:2)
  2 cyclopes (D:12)
  2 black mambas
  9 elephants
  7 cane toads
  An ice statue (D:10)
  A gargoyle (D:12)
  3 unseen horrors
  8 komodo dragons
  4 rime drakes
  A queen bee (shapeshifter) (D:13)
  A hornet (D:11)
  6 trolls
  12 blink frogs
  3 slime creatures (D:13)
  A tarantella (Lair:3)
  Sigmund (D:4)
  A vampire (D:13)
  28 yaks
  3 wyverns
  2 basilisks
  Menkaure (D:5)
  A steam dragon (Lair:3)
  4 vampire mosquitoes (D:12)
  3 acid dragons
  11 water moccasins
  2 black bears
  2 ice beasts
  24 orc warriors
  A sky beast (D:7)
  16 ogres
  5 wolves (Lair:4)
  11 centaurs
  3 lemures (D:9)
  2 kobold brigands
  15 bullfrogs
  A scorpion (D:5)
  5 wights
  6 killer bees (D:9)
  A howler monkey (D:10)
  4 electric eels
  3 vampire bats (Orc:1)
  8 hounds
  2 jellies
  13 orc priests
  3 iguanas
  31 orc wizards
  7 adders
  10 gnolls
  A shadow imp (D:6)
  12 white imps
  2 ufetubi (D:5)
  2 dart slugs
  83 orcs
  2 endoplasms
  2 giant cockroaches (D:2)
  10 goblins
  7 hobgoblins
  4 jackals (D:4)
  26 kobolds
  3 quokkas
  6 ball pythons
  7 bats
  3 frilled lizards (D:3)
  4 rats
498 creatures vanquished.

Vanquished Creatures (others)
  37 fungi
  20 plants
57 creatures vanquished.

Grand Total: 555 creatures vanquished

Notes
Turn   | Place    | Note
-------+----------+-------------------------------------------
     0 | D:1      | Lobster4 the Draconian Conjurer began the quest for the
                  | Orb.
     0 | D:1      | Reached XP level 1. HP: 14/14 MP: 3/3
   779 | D:1      | Reached XP level 2. HP: 22/22 MP: 5/5
  1126 | D:2      | Reached skill level 1 in Fighting
  1240 | D:2      | Learned a level 2 spell: Searing Ray
  1267 | D:2      | Reached XP level 3. HP: 28/28 MP: 0/6
  1830 | D:2      | Found a runed translucent door.
  1831 | D:2      | Noticed Crazy Yiuf
  1924 | D:3      | Reached XP level 4. HP: 36/36 MP: 0/7
  2014 | D:3      | Reached skill level 1 in Short Blades
  2334 | D:3      | Got the Reference Book on Assembling and Vitiation
  2510 | D:3      | Found a burning altar of Makhleb.
  2728 | D:3      | Became a worshipper of Makhleb the Destroyer
  2750 | D:4      | Found a glowing silver altar of Zin.
  2808 | D:4      | Found a snail-covered altar of Cheibriados.
  2951 | D:4      | Found a white marble altar of Elyvilon.
  3066 | D:4      | Noticed Sigmund
  3178 | D:4      | Found a staircase to the Ecumenical Temple.
  3275 | D:4      | Reached XP level 5. HP: 42/42 MP: 4/9
  3555 | D:4      | Killed Sigmund
  3556 | D:4      | Reached skill level 5 in Conjurations
  3556 | D:4      | Reached XP level 6. HP: 49/52 MP: 2/11
  3640 | D:4      | Found a basalt altar of Yredelemnul.
  3680 | D:4      | Found a shimmering altar of Xom.
  3837 | D:5      | Entered Level 5 of the Dungeon
  4094 | D:5      | Your scales start taking on a golden yellow colour.
  4094 | D:5      | Reached XP level 7. HP: 60/60 MP: 2/13
  4094 | D:5      | Gained mutation: You are resistant to acid. (rCorr) [Yellow
                  | Draconian growth]
  4321 | D:5      | Reached * piety under Makhleb
  4852 | D:5      | Noticed Menkaure
  4859 | D:5      | Killed Menkaure
  4860 | D:5      | Reached skill level 5 in Fighting
  4860 | D:5      | Reached skill level 1 in Evocations
  4988 | D:6      | Noticed a troll
  4998 | D:6      | Killed a troll
  5069 | D:6      | Identified the +1 buckler of Gallantry {Int+4 Dex-3 Slay+3
                  | SInv}
  5160 | D:6      | Reached skill level 5 in Spellcasting
  5160 | D:6      | Reached XP level 8. HP: 68/68 MP: 10/15
  5338 | D:6      | Learned a level 3 spell: Mephitic Cloud
  5479 | D:6      | Identified the amulet "Gaowkasa" {RegenMP rElec rC++ Str+3
                  | Int-3}
  6223 | D:6      | Reached skill level 1 in Air Magic
  6223 | D:6      | Reached skill level 1 in Poison Magic
  6412 | D:7      | Found Ytebb's Antique Weapon Shoppe.
  6699 | D:7      | Reached skill level 5 in Shields
  6699 | D:7      | Reached XP level 9. HP: 82/82 MP: 16/20
  6960 | D:7      | Noticed an unseen horror
  6969 | D:7      | Killed an unseen horror
  7095 | D:7      | Reached skill level 1 in Invocations
  7292 | D:7      | Reached ** piety under Makhleb
  7448 | D:7      | Found a blossoming altar of Fedhas.
  7693 | D:7      | Found a sparkling altar of Nemelex Xobeh.
  7879 | D:8      | Reached XP level 10. HP: 90/90 MP: 17/21
  8141 | D:8      | Noticed a two-headed ogre
  8686 | D:8      | Killed a two-headed ogre
  8741 | D:8      | Learned a level 1 spell: Kiss of Death
  8796 | D:9      | Found a staircase to the Lair.
  9093 | D:9      | Found a staircase to the Orcish Mines.
  9520 | D:9      | Reached skill level 1 in Staves
  9557 | D:9      | Noticed Pikel
  9561 | D:9      | Killed Pikel
  9562 | D:9      | Reached skill level 1 in Throwing
  9590 | D:9      | Reached *** piety under Makhleb
 10032 | D:9      | Found an iron altar of Okawaru.
 10039 | D:9      | Identified the +10 hand axe "Mianuh" {vamp, rF- rC+ rN+}
 10206 | D:10     | Entered Level 10 of the Dungeon
 10319 | D:10     | Reached XP level 11. HP: 85/97 MP: 20/23
 10508 | D:10     | Found a flagged portal.
 10518 | Bailey   | Entered a bailey
 10663 | Bailey   | Identified the +1 scale mail of Chimes {Harm rPois Will-
                  | Dex+7}
 10932 | D:10     | Found a sacrificial altar of Ru.
 11072 | D:10     | Reached skill level 10 in Conjurations
 11356 | D:10     | Reached **** piety under Makhleb
 11357 | D:10     | Reached skill level 10 in Fighting
 11581 | D:11     | Identified the +8 mace of the Magi {protect, rCorr Str-4
                  | Dex+6}
 11637 | D:11     | Found Nefraqeo's Antique Weapon Emporium.
 11835 | D:11     | Found a broken altar of Ashenzari.
 11890 | D:11     | Noticed a two-headed ogre
 11896 | D:11     | Killed a two-headed ogre
 12324 | D:12     | Noticed a two-headed ogre
 12361 | D:12     | Killed a two-headed ogre
 12362 | D:12     | Reached skill level 1 in Maces & Flails
 12731 | D:12     | Noticed a deep elf pyromancer
 12736 | D:12     | Killed a deep elf pyromancer
 13342 | D:13     | Reached XP level 12. HP: 108/110 MP: 21/25
 13850 | Orc:1    | Entered Level 1 of the Orcish Mines
 14200 | Orc:1    | Noticed a two-headed ogre
 14204 | Orc:1    | Noticed an ogre mage
 14207 | Orc:1    | Noticed a two-headed ogre
 14208 | Orc:1    | Noticed a two-headed ogre
 14210 | Orc:1    | Killed an ogre mage
 14210 | Orc:1    | Killed a two-headed ogre
 14212 | Orc:1    | Killed a two-headed ogre
 14213 | Orc:1    | Reached skill level 10 in Spellcasting
 14214 | Orc:1    | Noticed a two-headed ogre
 14219 | Orc:1    | Killed a two-headed ogre
 14220 | Orc:1    | Reached ***** piety under Makhleb
 14223 | Orc:1    | Killed a two-headed ogre
 14235 | Orc:1    | Reached skill level 5 in Dodging
 14453 | Orc:1    | Found a dark tunnel.
 14574 | Orc:1    | Learned a level 5 spell: Arcjolt
 14650 | Orc:1    | Found Roaseg's General Store.
 14794 | Orc:1    | Found Mukaut's Magic Scroll Shoppe.
 14898 | Orc:2    | Entered Level 2 of the Orcish Mines
 15182 | Orc:2    | Found a staircase to the Elven Halls.
 15315 | Orc:2    | Reached skill level 1 in Axes
 15319 | Orc:2    | Paralysed by an orc sorcerer for 4 turns
 15553 | Orc:2    | Noticed an ogre mage
 15943 | Orc:2    | Killed an ogre mage
 16016 | Orc:2    | Found Heenid's Antique Armour Shoppe.
 16058 | Orc:2    | Found an ancient bone altar of Kikubaaqudgha.
 16113 | Orc:2    | Reached XP level 13. HP: 59/113 MP: 27/27
 16334 | Orc:2    | Found Cymutar's Antique Weapon Emporium.
 16516 | Orc:2    | Found a radiant altar of Vehumet.
 16547 | Orc:2    | Found Vaem's Distillery.
 16575 | Orc:2    | Found Weveuf's Book Emporium.
 16760 | Lair:1   | Entered Level 1 of the Lair of Beasts
 16764 | Lair:1   | Reached skill level 1 in Necromancy
 17090 | Lair:1   | Identified the +3 hand axe of the Enchanted Forest {drain,
                  | rPois Int+5}
 17705 | Lair:2   | HP: 2/119 [komodo dragon (20)]
 18244 | Lair:2   | Found a frozen archway.
 18583 | Lair:2   | Reached skill level 5 in Air Magic
 19741 | Lair:3   | Identified the amulet "Wax Xan" {Reflect Slay+5 SH+5
                  | Stlth-}
 19743 | Lair:3   | Found a hole to the Spider Nest.
 20969 | Lair:3   | Found a staircase to the Swamp.
 21175 | Lair:3   | Reached ****** piety under Makhleb
 21746 | Lair:3   | Reached skill level 5 in Invocations
 22451 | Lair:4   | Gained mutation: You have acidic saliva. [Yellow Draconian
                  | growth]
 22451 | Lair:4   | Reached XP level 14. HP: 105/129 MP: 23/29
 23343 | Lair:5   | Entered Level 5 of the Lair of Beasts
 23476 | Lair:4   | Mangled by a death yak

Illustrated notes

Levels and vault maps discovered:
D:1:      erik_arrival_cave_to_civilisation [erik_arrival_cave_to_hall],
          layout_basic
D:2:      layout_basic, minmay_3d_cube, uniq_crazy_yiuf_cottage
D:3:      layout_basic, mainiacjoe_overflow_concentric_impassable
D:4:      layout_basic, kennysheep_ying_yang,
          mainiacjoe_overflow_six_doors_small, cheibriados_altar_1,
          lemuel_coloured_pillars_altar, temple_fountains, uniq_sigmund
D:5:      layout_basic, uniq_menkaure
D:6:      layout_basic, minmay_misc_feat_cross, minivault_1
D:7:      layout_rooms, kennysheep_little_box, lemuel_doored_altar,
          serial_corexii_hall, chequers_hall_statues_wall_a,
          corexii_hall_statues_l, corexii_hall_statues_deadend,
          chequers_hall_statues_corner_a, serial_shops, nicolae_stop_n_shop_2,
          minmay_misc_feat_chi, minmay_crystal_water
D:8:      layout_basic
D:9:      layout_roguey, okawaru_ov_weapons_minmay, lair_entry_dummy,
          david_orc_2, reono_crystal_passage, st_stairs_1, uniq_pikel
D:10:     layout_basic, nicolae_ru_path_of_blood, enter_bailey_4, minivault_15
D:11:     layout_rooms, serial_shops, nicolae_shop_hallway_plus,
          nicolae_ashenzari_panopticon
D:12:     layout_basic
D:13:     layout_basic, ploomutoo_gammafunk_ghost_potion_laboratory
Lair:1:   layout_roguey, mumra_transporter_accident,
          chequers_serial_rivers_marsh, beast_lair_carwin_9
Lair:2:   layout_cave_pods, portal_ice_cave_entry_imps, grunt_megastairs_5
Lair:3:   layout_cave_pods, skrybe_swamp_entry_bodies, spider_nest_entry_rubble,
          minmay_stone_trees_medium, st_stairs_3, nicolae_quartered_pool_little
Lair:4:   layout_regular_city
Lair:5:   hellmonk_lair_end_abyssal_woods, layout_gridlike,
          nicolae_slime_entry_slimehenge, infiniplex_staircase_pool
Orc:1:    layout_caves, basic_altar, lightli_volcano_entry_magma_tube,
          serial_shops, nicolae_lakefront_shop, shop, roderic_batcave,
          mines2_lemuel
Orc:2:    kennysheep_orc_mage_school, layout_diamond_mine

Skill      XL: |  1  2  3  4  5  6  7  8  9 10 11 12 13 |
---------------+----------------------------------------+-----
Stealth        | 2 |  2.0
Dodging        | 2 3 4 5 6 |  6.0
Fighting       | 1 2 3 4 5 8 9 11 12 13 | 13.7
Short Blades   | 1 |  1.0
Spellcasting   | 3 4 5 7 8 9 10 11 | 11.8
Conjurations   | 5 6 9 10 11 13 | 13.2
Evocations     | 2 3 |  3.0
Air Magic      | 1 2 3 4 5 |  5.4
Poison Magic   | 1 2 3 |  3.0
Shields        | 5 6 |  6.0
Invocations    | 1 3 5 |  5.0
Staves         | 1 |  1.0
Throwing       | 1 2 |  2.0
Maces & Flails | 1 |  1.6
Axes           | 1 2 |  2.7
Necromancy     | 2 |  2.0

Action                   |  1- 3 |  4- 6 |  7- 9 | 10-12 | 13-15 || total
-------------------------+-------+-------+-------+-------+-------++-------
Melee: Spear             |    25 |       |       |       |       ||    25
       Punch             |     1 |       |       |       |       ||     1
       Dagger            |    13 |    18 |    11 |    73 |     1 ||   116
       Tailslap          |     2 |     2 |     1 |    21 |    40 ||    66
       Mace              |       |       |       |    39 |     8 ||    47
       Hand axe          |       |       |       |       |   195 ||   195
       Bite              |       |       |       |       |    13 ||    13
 Fire: Sling             |       |       |     2 |     4 |       ||     6
Throw: Boomerang         |       |       |     2 |       |       ||     2
       Dart              |       |       |       |    16 |     2 ||    18
 Cast: Magic Dart        |    56 |    63 |    76 |   148 |   157 ||   500
       Searing Ray       |       |    10 |    53 |   184 |   144 ||   391
       Mephitic Cloud    |       |       |       |    36 |    13 ||    49
       Kiss of Death     |       |       |       |     1 |     1 ||     2
       Arcjolt           |       |       |       |       |    12 ||    12
 Abil: Breathe Acid      |       |       |     1 |       |     1 ||     2
Evoke: Wand              |       |       |     2 |    18 |     5 ||    25
       Lightning rod     |       |       |       |     2 |       ||     2
  Use: Scroll            |       |     7 |     9 |    11 |     5 ||    32
       Potion            |       |     1 |     1 |     3 |     4 ||     9
 Stab: Sleeping          |     1 |       |     1 |     2 |     3 ||     7
       Confused          |       |       |       |     1 |       ||     1
Armor: Skin              |    12 |     8 |    27 |   119 |   147 ||   313
Dodge: Dodged            |    21 |    23 |    31 |   245 |   266 ||   586
Block: Buckler           |       |       |     1 |   152 |   115 ||   268

Table legend: (Time is in decaauts)
 A = Elapsed time spent in this place.
 B = Non-inter-level travel time spent in this place.
 C = Inter-level travel time spent in this place.
 D = Time resting spent in this place.
 E = Time spent auto-exploring this place.
 F = Levels seen in this place.
 G = Mean time per level.
                   A        B        C        D        E       F      G
               +--------+--------+--------+--------+--------+-----+--------+
         Total |  23557 |  22645 |    912 |   4466 |  12926 |  21 | 1121.8 |
       Dungeon |  13751 |  13212 |    539 |   2418 |   8226 |  13 | 1057.8 |
          Lair |   6776 |   6534 |    242 |   1517 |   3596 |   5 | 1355.2 |
  Orcish Mines |   2678 |   2548 |    130 |    494 |   1103 |   2 | 1339.0 |
        Bailey |    350 |    350 |      0 |     36 |      0 |   1 |  350.0 |
               +--------+--------+--------+--------+--------+-----+--------+

Top non-repeatable levels by time:
  Lair:3: 2429 daAuts
   Orc:2: 1762 daAuts
  Lair:2: 1576 daAuts
     D:6: 1529 daAuts
     D:9: 1477 daAuts
  Lair:4: 1386 daAuts
     D:7: 1273 daAuts
  Lair:1: 1258 daAuts
     D:8: 1215 daAuts
     D:1: 1073 daAuts
     D:4: 1067 daAuts
     D:5: 1061 daAuts
     D:3: 993 daAuts
    D:12: 942 daAuts
    D:10: 932 daAuts
